Map: Orbital Shipyard

Players

ImotoFantasy

  • Race: Protoss Protoss
  • League: Gold

Blooddrunk - Winner!

  • Race: Zerg Zerg
  • League: Platinum

VOD

Have the link to the VOD?

Description

Time

  • Played on: Oct. 25, 2015, 1:11 p.m.
  • Length: 5:08
Show
View Real Time Build Order
Export as new Build Order

ImotoFantasy Protoss 

Build Orders: Nexus First 

Get SALT Encoding   

  12  0:00  Probe (Chrono Boost)  
  13  0:11  Probe (Chrono Boost)  
  14  0:22  Probe (Chrono Boost), Pylon  
  15  0:41  Probe (Chrono Boost)  
  16  0:51  Probe (Chrono Boost)  
  17  0:59  Nexus  
  17  1:03  Probe (Chrono Boost)  
  18  1:11  Gateway  
  18  1:14  Probe (Chrono Boost)  
  19  1:18  Assimilator  
  19  1:24  Probe (Chrono Boost)  
  20  1:29  Pylon  
  20  1:35  Probe (Chrono Boost)  
  21  1:40  Forge  
  21  1:45  Probe (Chrono Boost)  
  22  1:57  Probe (Chrono Boost)  
  22  2:00  Assimilator  
  23  2:07  Cybernetics Core, Probe (Chrono Boost)  
  24  2:18  Probe x2 (Chrono Boost)  
  26  2:25  Protoss Ground Weapons Level 1  
  26  2:28  Probe x2 (Chrono Boost)  
  28  2:30  Zealot  
  30  2:39  Probe x2 (Chrono Boost)  
  32  2:49  Probe (Chrono Boost)  
  32  2:50  Mothership Core (Chrono Boost)  
  34  2:53  Warp Gate  
  34  2:56  Assimilator  
  34  3:00  Probe (Chrono Boost)  
  35  3:08  Probe (Chrono Boost)  
  35  3:11  Probe (Chrono Boost)  
  37  3:15  Pylon  
  37  3:19  Probe (Chrono Boost)  
  38  3:21  Assimilator  
  38  3:23  Pylon  
  38  3:26  Probe (Chrono Boost), Stargate  
  39  3:30  Probe (Chrono Boost)  
  40  3:37  Probe (Chrono Boost)  
  40  3:40  Probe (Chrono Boost)  
  42  3:47  Probe (Chrono Boost), Pylon  
  43  3:51  Probe (Chrono Boost)  
  44  3:56  Nexus  
  44  3:58  Probe (Chrono Boost)  
  45  4:03  Probe (Chrono Boost)  
  45  4:08  Probe (Chrono Boost)  
  47  4:10  Phoenix  
  47  4:13  Probe (Chrono Boost)  
  47  4:16  Pylon x2  
  50  4:19  Probe (Chrono Boost)  
  51  4:27  Probe (Chrono Boost)  
  52  4:35  Phoenix, Photon Cannon  
  52  4:36  Photon Cannon  
  54  4:44  Photon Cannon  
  54  4:47  Pylon  
  50  5:01  Pylon  
Show
View Real Time Build Order
Export as new Build Order

Blooddrunk Zerg - Winner!

Build Orders: Hatch First, Ravager All-In 

Get SALT Encoding   

  12  0:01  Drone  
  13  0:14  Overlord  
  13  0:18  Drone  
  14  0:25  Drone, Extractor  
  15  0:32  Drone  
  16  0:36  Drone  
  17  0:54  Hatchery  
  16  0:59  Drone  
  16  1:00  Drone  
  18  1:14  Spawning Pool  
  18  1:17  Drone  
  18  1:20  Extractor  
  18  1:21  Drone  
  18  1:29  Drone  
  19  1:40  Overlord  
  19  1:51  Drone  
  20  2:00  Queen  
  22  2:02  Zergling x2  
  22  2:06  Queen  
  26  2:08  Drone  
  26  2:10  Extractor  
  26  2:15  Drone  
  26  2:17  Drone  
  27  2:23  Drone  
  27  2:28  Drone  
  29  2:33  Drone  
  30  2:40  Drone  
  30  2:42  Roach Warren  
  30  2:44  Overlord  
  30  2:49  Drone  
  31  2:56  Drone  
  32  3:00  Drone  
  33  3:05  Overlord  
  33  3:12  Drone  
  34  3:13  Drone  
  34  3:17  Drone  
  36  3:22  Overlord  
  36  3:25  Roach x2  
  36  3:26  Roach x2  
  44  3:28  Roach  
  48  3:34  Roach  
  48  3:37  Roach  
  48  3:40  Overlord  
  50  3:42  Overlord  
  50  3:47  Zergling x4  
  52  3:49  Zergling x2  
  52  3:51  Zergling x2  
  52  3:54  Zergling x2  
  55  3:56  Zergling x2  
  56  4:03  Overlord  
  56  4:04  Drone  
  57  4:11  Zergling x2  
  57  4:12  Zergling x4  
  57  4:13  Zergling x2  
  61  4:21  Zergling x4  
  63  4:33  Ravager x6  
  63  4:34  Ravager  
  70  4:40  Zergling x8  
Tags
 
Add a new tag
Caveats
  • Supply blocks, unpowered buildings, or Contaminate may cause inaccurate times.
  • Supply counts are checked every 10 seconds.